 Dungeon Crawl Stone Soup version 0.31.0-11-ge490571c62 (webtiles) character file.

Game seed: 6954920379368060901

706 qw the Ducker (level 7, -2/35 HPs)
             Began as a Spriggan Hunter on Feb 3, 2024.
             Slain by an ice beast (9 damage)
             ... on level 5 of the Dungeon.
             The game lasted 00:00:16 (3457 turns).

qw the Ducker (Spriggan Hunter)                     Turns: 3457, Time: 00:00:16

Health: -2/35      AC:  2    Str:  7    XL:     7   Next: 39%
Magic:  8/8        EV: 22    Int: 11    God:
Gold:   301        SH:  0    Dex: 20    Spells: 6/6 levels left

rFire   . . .        a - +0 shortbow
rCold   . . .        (shield currently unavailable)
rNeg    . . .        c - +0 robe
rPois   .            (helmet restricted)
rElec   .            (no cloak)
rCorr   .            (gloves unavailable)
SInv    +            (boots unavailable)
Will    +....        (no amulet)
Stlth   ++           (no ring)
HPRegen 0.25/turn    (no ring)
MPRegen 0.11/turn

%: no passive effects
@: about to teleport, very quick
A: very small, no large weapons, unfitting armour, see invisible, speed 3
a: no special abilities


You were on level 5 of the Dungeon.
You visited 2 branches of the dungeon, and saw 6 of its levels.

You collected 301 gold pieces.


Innate Abilities, Weirdness & Mutations

You are very small and have problems with some larger weapons.
You are too small for most types of armour.
You have supernaturally acute eyesight. (SInv)
You cover ground extremely quickly. (Speed+++)


   Skills:
 - Level 2.0 Fighting
 + Level 7.3 Ranged Weapons
 - Level 7.3 Dodging
 - Level 1.5 Stealth


You had 6 spell levels left.
You didn't know any spells.
Your spell library was empty.

Inventory:

Hand Weapons
 a - a +0 shortbow (weapon)
Armour
 b - a +1 hat
 c - a +0 robe (worn)
Jewellery
 f - a ring of protection from fire
Scrolls
 g - a scroll of poison {unknown}
 i - a scroll of immolation {unknown}
Potions
 e - a potion of curing
 h - 2 potions of might
 j - a potion of heal wounds {unknown}
 k - a potion of mutation
 l - a potion of cancellation {unknown}
 m - a potion of enlightenment
 o - a potion of invisibility {unknown}

Dungeon Overview and Level Annotations

Branches:
Dungeon (5/15)             Temple (1/1) D:4

Altars:
Ashenzari
Fedhas
Gozag
Kikubaaqudgha
Makhleb
Nemelex Xobeh
Qazlal
Ru
Sif Muna
Trog
Vehumet
Yredelemnul

Shops:
D:4 =


Message History

You shoot an arrow. The arrow hits the ice beast!
The ice beast is heavily wounded.
The ice beast misses you.
You shoot an arrow.
The arrow hits the ice beast but does no damage.
The ice beast is heavily wounded.
The ice beast completely misses you.
You shoot an arrow. The arrow barely misses the ice beast.
The ice beast closely misses you.
You shoot an arrow. The arrow barely misses the ice beast.
The ice beast closely misses you.
You shoot an arrow. The arrow hits the ice beast!
The ice beast is severely wounded.
The ice beast completely misses you.
You shoot an arrow. The arrow hits the ice beast.
The ice beast is severely wounded.
The ice beast completely misses you.
You shoot an arrow. The arrow barely misses the ice beast.
The ice beast barely misses you.
You shoot an arrow. The arrow barely misses the ice beast.
The ice beast completely misses you.
You shoot an arrow. The arrow hits the ice beast.
The ice beast is severely wounded.
The ice beast hits you. The ice beast freezes you!
You shoot an arrow.
The arrow hits the ice beast but does no damage.
The ice beast is severely wounded.
The ice beast completely misses you.
You shoot an arrow. The arrow hits the ice beast.
The ice beast is almost dead.
The ice beast hits you. The ice beast freezes you!
3456 ||| READING scroll of teleportation.
As you read the scroll of teleportation, it crumbles to dust.
You feel strangely unstable. The ice beast misses you.
You shoot an arrow.
The arrow hits the ice beast but does no damage.
The ice beast is almost dead.
The ice beast hits you. The ice beast freezes you!
You die...

#.#####.# #..##............
#.# #.###..##.#.##..####.
#.# #...#..##.#.##.## #.
#.# #.#)#(......#.#.####.
#.#####.#.##..#....###..##.
#.......#.......###.#.#.###
#########.##....# ##.##.#
#.#.....####.##.#
#.@....#........##
#.#Y....####[#...#
#.#.....# #.#.#.# #.#.#.#.#
#.#.#.# #.....# # #.#.#.#
#.... . #.#.#.# ##.... #
..#.#.# ... #.#####.#.#
...........#


You could see an ice beast.

Vanquished Creatures
  Sigmund (D:4)
  A phantom (D:5)
  Blork the orc (D:4)
  A scorpion (D:5)
  A hound (D:5)
  An orc priest (D:5)
  An iguana (D:5)
  2 sleepcaps (D:5)
  An orc wizard (D:5)
  A gnoll (D:3)
  6 adders
  4 dart slugs
  2 ribbon worms
  19 orcs
  7 bats
  8 endoplasms
  7 goblins
  7 hobgoblins
  A jackal (D:3)
  7 kobolds
  4 quokkas
  7 ball pythons
  4 frilled lizards
  5 rats
99 creatures vanquished.

Notes
Turn   | Place    | Note
-------+----------+-------------------------------------------
     0 | D:1      | qw the Spriggan Hunter began the quest for the Orb.
     0 | D:1      | Reached XP level 1. HP: 10/10 MP: 2/2
     0 | D:1      | 0 ||| qw: Version: 0.3-a-157-g843a77d
     0 | D:1      | 0 ||| qw: Game counter: 3602
     0 | D:1      | 0 ||| qw: Melee chars always use a shield: true
     0 | D:1      | 0 ||| qw: God list: Okawaru
     0 | D:1      | 0 ||| qw: Allow faded altars: false
     0 | D:1      | 0 ||| qw: Do Orc after clearing Dungeon:15 true
     0 | D:1      | 0 ||| qw: Do second Lair branch before Depths: true
     0 | D:1      | 0 ||| qw: Lair rune preference: random
     0 | D:1      | 0 ||| qw: Goals: Normal
     0 | D:1      | 0 ||| PLANNING D:1-11
    46 | D:1      | Reached skill level 3 in Dodging
   138 | D:1      | Reached XP level 2. HP: 14/14 MP: 3/3
   607 | D:1      | 607 ||| READING scroll labelled POJUVADIRIWY.
   608 | D:1      | 608 ||| READING scroll labelled NIDUVY HOCOE.
   608 | D:1      | 608 ||| IDENTIFYING 2 purple potions
   609 | D:1      | 609 ||| READING scroll labelled VECOMAOFYE.
   612 | D:1      | 612 ||| DROPPING scroll of butterflies.
   613 | D:1      | 613 ||| DROPPING 2 potions of attraction.
   710 | D:2      | Reached XP level 3. HP: 18/18 MP: 4/4
   917 | D:2      | Found a faded altar of an unknown god.
  1073 | D:2      | Reached XP level 4. HP: 22/22 MP: 5/5
  1082 | D:2      | 1082 ||| FLEEEEING.
  1085 | D:2      | 1085 ||| FLEEEEING.
  1086 | D:2      | 1086 ||| FLEEEEING.
  1090 | D:2      | 1090 ||| FLEEEEING.
  1091 | D:2      | 1091 ||| FLEEEEING.
  1093 | D:2      | 1093 ||| FLEEEEING.
  1094 | D:2      | 1094 ||| FLEEEEING.
  1095 | D:2      | 1095 ||| FLEEEEING.
  1096 | D:2      | 1096 ||| FLEEEEING.
  1097 | D:2      | 1097 ||| FLEEEEING.
  1098 | D:2      | 1098 ||| FLEEEEING.
  1099 | D:2      | 1099 ||| FLEEEEING.
  1100 | D:2      | 1100 ||| FLEEEEING.
  1339 | D:2      | 1339 ||| READING scroll of identify.
  1339 | D:2      | 1339 ||| IDENTIFYING green potion
  1340 | D:2      | 1340 ||| READING scroll labelled FYNUNI GANUN.
  1441 | D:2      | 1441 ||| READING scroll labelled WARASAO VONK.
  2075 | D:3      | 2075 ||| DROPPING ring of flight.
  2076 | D:3      | 2076 ||| READING 2 scrolls of identify.
  2076 | D:3      | 2076 ||| IDENTIFYING fizzy clear potion
  2077 | D:3      | 2077 ||| READING scroll of identify.
  2077 | D:3      | 2077 ||| IDENTIFYING ruby potion
  2078 | D:3      | 2078 ||| READING scroll labelled KOSARE IRRYOSOG.
  2119 | D:3      | 2119 ||| READING scroll labelled LIPLIRCHUFRU.
  2120 | D:3      | 2120 ||| READING scroll labelled GULICS OSSO.
  2120 | D:3      | 2120 ||| ENCHANTING +0 shortbow.
  2121 | D:3      | 2121 ||| DRINKING 2 sapphire potions.
  2122 | D:3      | 2122 ||| DRINKING 2 dark potions.
  2123 | D:3      | 2123 ||| DROPPING potion of brilliance.
  2176 | D:4      | Reached XP level 5. HP: 26/26 MP: 6/6
  2234 | D:4      | Found Ykiesyq's Jewellery Boutique.
  2244 | D:4      | 2244 ||| SHOPLISTING ring of fire (350 gold, have 208).
  2244 | D:4      | 2244 ||| SHOPLISTING ring of positive energy (280 gold,
                  | have 208).
  2244 | D:4      | 2244 ||| SHOPLISTING ring of protection from fire (350
                  | gold, have 208).
  2253 | D:4      | Noticed Sigmund
  2256 | D:4      | 2256 ||| DRINKING potion of haste.
  2265 | D:4      | Killed Sigmund
  2266 | D:4      | Reached skill level 6 in Ranged Weapons
  2266 | D:4      | Reached XP level 6. HP: 30/30 MP: 7/7
  2361 | D:4      | 2361 ||| FLEEEEING.
  2362 | D:4      | 2362 ||| STAIRDANCE
  2371 | D:3      | 2371 ||| READING scroll of identify.
  2371 | D:3      | 2371 ||| IDENTIFYING amethyst potion
  2454 | D:4      | Found a staircase to the Ecumenical Temple.
  2455 | D:4      | 2455 ||| PLANNING TEMPLE
  2463 | Temple   | Entered the Ecumenical Temple
  2464 | Temple   | 2464 ||| PLANNING D:1-11
  2784 | D:4      | Noticed Blork the orc
  2792 | D:4      | HP: 3/30 [Blork the orc/magic dart (7)]
  2793 | D:4      | 2793 ||| READING 2 scrolls of teleportation.
  2936 | D:4      | Killed Blork the orc
  2937 | D:4      | Reached skill level 6 in Dodging
  3033 | D:5      | Entered Level 5 of the Dungeon
  3112 | D:5      | Reached XP level 7. HP: 18/35 MP: 8/8
  3455 | D:5      | HP: 8/35 [ice beast (11)]
  3456 | D:5      | 3456 ||| READING scroll of teleportation.
  3457 | D:5      | Slain by an ice beast

Levels and vault maps discovered:
D:1:      minmay_arrival_wavy_path, layout_basic, minmay_misc_feat_diagonals,
          wander_ebering_terrifying_dragon_lair
D:2:      layout_basic, hellmonk_ecumenical_altar_prayer_group, minmay_vboxes
D:3:      minmay_octagon_keep, layout_basic
D:4:      layout_basic, minmay_temple_entry_drinking_statues, serial_shops,
          nicolae_shop_waterfront, uniq_sigmund, uniq_blork_the_orc
D:5:      layout_loops_ring, kb_lookout_dungeons_type
Temple:   nicolae_temple_hex_pool

Skill      XL: |  1  2  3  4  5  6  7 |
---------------+----------------------+-----
Dodging        | 3 4 5 6 7 |  7.3
Ranged Weapons | 5 6 7 |  7.3
Fighting       | 2 |  2.0
Stealth        | |  1.5

Action                     |  1- 3 |  4- 6 |  7- 9 || total
---------------------------+-------+-------+-------++-------
   Fire: Shortbow          |   116 |   192 |    63 ||   371
    Use: Scroll            |     3 |    10 |     1 ||    14
         Potion            |       |     3 |       ||     3
 Armour: Robe              |    10 |    22 |     8 ||    40
  Dodge: Dodged            |    40 |    78 |    28 ||   146

Table legend:
 A = Non-vault XP
 B = Vault XP
 C = Vault XP percentage of total XP
 D = Non-vault monster count
 E = Vault monster count
 F = Vault count percentage of total count
                 A         B        C        D         E       F
            +---------+---------+-------+---------+---------+-------
      Total |     630 |     379 |  37.6 |      80 |      19 |  19.2
            +---------+---------+-------+---------+---------+-------
        D:1 |      25 |       1 |   3.8 |      14 |       1 |   6.7
        D:2 |      76 |       8 |   9.5 |      28 |       5 |  15.2
        D:3 |      28 |      56 |  66.7 |      12 |      11 |  47.8
        D:4 |      48 |     314 |  86.7 |      12 |       2 |  14.3
        D:5 |     453 |       0 |   0.0 |      14 |       0 |   0.0
            +---------+---------+-------+---------+---------+-------
